| TOP OF THE 1ST |
|
Batavia Muckdogs batting - Pitching for Tri-City Dust Devils : RHP Eric Johnson
|
|
Pitching: RHP Eric Johnson
|
|
|
Batting: LHB Orlando Rivera
|
0-0: Ground out 4-3 (Groundball, 4, EV 102.5 MPH)
|
|
Batting: RHB Manuel Taveras
|
0-0: Called Strike 0-1: Called Strike 0-2: Foul Ball, location: 2F 0-2: Ground out U3 (Groundball, 3, EV 110.6 MPH)
|
|
Batting: RHB Orlando Landa
|
0-0: Ground out 4-3 (Groundball, 4D, EV 106.9 MPH)
|
| Top of the 1st over - 0 runs, 0 hits, 0 errors, 0 left on base; Batavia 0 - Tri-City 0 |
| BOTTOM OF THE 1ST |
|
Tri-City Dust Devils batting - Pitching for Batavia Muckdogs : RHP Ib Skovgaard
|
|
Pitching: RHP Ib Skovgaard
|
|
|
Batting: LHB Ramon Vega
|
0-0: Ball 1-0: Foul Ball, location: 2F 1-1: Swinging Strike 1-2: Ball 2-2: Strikes out swinging
|
|
Batting: LHB Phil Lerner
|
0-0: Swinging Strike 0-1: Swinging Strike 0-2: Strikes out looking
|
|
Batting: RHB Hector Fernandez
|
0-0: Called Strike 0-1: Ball 1-1: Foul Ball, location: 2F 1-2: Ball 2-2: Foul Ball, location: 2F 2-2: Foul Ball, location: 2F 2-2: Fly out, F9 (Line Drive, 89M, EV 105.0 MPH)
|
| Bottom of the 1st over - 0 runs, 0 hits, 0 errors, 0 left on base; Batavia 0 - Tri-City 0 |
| TOP OF THE 2ND |
|
Batavia Muckdogs batting - Pitching for Tri-City Dust Devils : RHP Eric Johnson
|
|
Batting: SHB Matt Moore
|
0-0: Swinging Strike 0-1: Ball 1-1: Ball 2-1: Ground out 5-3 (Groundball, 5, EV 86.2 MPH)
|
|
Batting: LHB Matt McKeon
|
0-0: Ball 1-0: Swinging Strike 1-1: Ground out 1-3 (Groundball, 13S, EV 68.8 MPH)
|
|
Batting: RHB Chris Alft
|
0-0: Ball 1-0: Ball 2-0: Foul Ball, location: 2F 2-1: SINGLE (Groundball, 6MD, EV 104.4 MPH)
|
|
Batting: SHB Justin Corbett
|
0-0: Called Strike 0-1: Called Strike 0-2: Foul Ball, location: 2F 0-2: Fly out, F8 (Flyball, 8LD, EV 88.1 MPH)
|
| Top of the 2nd over - 0 runs, 1 hit, 0 errors, 1 left on base; Batavia 0 - Tri-City 0 |
| BOTTOM OF THE 2ND |
|
Tri-City Dust Devils batting - Pitching for Batavia Muckdogs : RHP Ib Skovgaard
|
|
Batting: SHB Manny Berrones
|
0-0: Ball 1-0: Swinging Strike 1-1: Foul Ball, location: 2F 1-2: Ball 2-2: Foul Ball, location: 2F 2-2: Foul Ball, location: 2F 2-2: Ball 3-2: Foul Ball, location: 2F 3-2: Base on Balls
|
|
Batting: RHB Brian DeVoe
|
0-0: Ball 1-0: Foul Ball, location: 2F 1-1: Called Strike 1-2: SINGLE (Flyball, 6D, EV 93.1 MPH) Manny Berrones to second
|
|
Batting: SHB Yutaro Takahashi
|
0-0: Ball Wild Pitch! Manny Berrones to third Brian DeVoe to second 1-0: Ball 2-0: TRIPLE (Flyball, 9LD, EV 106.2 MPH) Manny Berrones scores Brian DeVoe scores
|
|
Batting: RHB Paul Van Gilder
|
0-0: Called Strike 0-1: Ball 1-1: Foul Ball, location: 2F 1-2: Ball 2-2: Ground out 6-3 (Groundball, 6S, EV 81.9 MPH) Yutaro Takahashi scores
|
|
Batting: RHB Alfredo Lemus
|
0-0: Swinging Strike 0-1: Foul Ball, location: 2F 0-2: Strikes out swinging, 2-3 out at first.
|
|
Batting: RHB Eduardo Calderon
|
0-0: Ball 1-0: Called Strike 1-1: Foul Ball, location: 2F 1-2: Strikes out looking
|
| Bottom of the 2nd over - 3 runs, 2 hits, 0 errors, 0 left on base; Batavia 0 - Tri-City 3 |
| TOP OF THE 3RD |
|
Batavia Muckdogs batting - Pitching for Tri-City Dust Devils : RHP Eric Johnson
|
|
Batting: RHB Axel Moltke
|
0-0: Foul Ball, location: 2F 0-1: DOUBLE (Flyball, 78D, EV 104.4 MPH)
|
|
Batting: RHB Justin Dunham
|
0-0: Ball 1-0: Foul Ball, location: 2F 1-1: Called Strike 1-2: Foul Ball, location: 2F 1-2: Strikes out swinging
|
|
Batting: LHB Orlando Rivera
|
0-0: Called Strike 0-1: Swinging Strike 0-2: Ball 1-2: Ball 2-2: Strikes out looking
|
|
Batting: RHB Manuel Taveras
|
0-0: Foul Ball, location: 2F 0-1: Called Strike 0-2: Ball 1-2: Foul Ball, location: 2F 1-2: Strikes out swinging, 2-3 out at first.
|
| Top of the 3rd over - 0 runs, 1 hit, 0 errors, 1 left on base; Batavia 0 - Tri-City 3 |
| BOTTOM OF THE 3RD |
|
Tri-City Dust Devils batting - Pitching for Batavia Muckdogs : RHP Ib Skovgaard
|
|
Batting: LHB Ramon Vega
|
0-0: Ground out 4-3 (Groundball, 4S, EV 88.8 MPH)
|
|
Batting: LHB Phil Lerner
|
0-0: Ball 1-0: Ball 2-0: Ground out 5-3 (Groundball, 5L, EV 103.8 MPH)
|
|
Batting: RHB Hector Fernandez
|
0-0: Swinging Strike 0-1: Ball 1-1: Swinging Strike 1-2: Ball 2-2: Foul Ball, location: 2F 2-2: Foul Ball, location: 2F 2-2: Foul Ball, location: 2F 2-2: Strikes out looking
|
| Bottom of the 3rd over - 0 runs, 0 hits, 0 errors, 0 left on base; Batavia 0 - Tri-City 3 |
| TOP OF THE 4TH |
|
Batavia Muckdogs batting - Pitching for Tri-City Dust Devils : RHP Eric Johnson
|
|
Batting: RHB Orlando Landa
|
0-0: Ball 1-0: Called Strike 1-1: Ball 2-1: Fly out, F7 (Flyball, 78M, EV 93.8 MPH)
|
|
Batting: SHB Matt Moore
|
0-0: Fly out, F8 (Flyball, 8LD, EV 100.6 MPH)
|
|
Batting: LHB Matt McKeon
|
0-0: Ball 1-0: Fly out, F7 (Flyball, 7LS, EV 93.8 MPH)
|
| Top of the 4th over - 0 runs, 0 hits, 0 errors, 0 left on base; Batavia 0 - Tri-City 3 |
| BOTTOM OF THE 4TH |
|
Tri-City Dust Devils batting - Pitching for Batavia Muckdogs : RHP Ib Skovgaard
|
|
Batting: SHB Manny Berrones
|
0-0: Ball 1-0: Ball 2-0: Ball 3-0: Called Strike 3-1: Foul Ball, location: 2F 3-2: Base on Balls
|
|
Pitching: RHP Adrian Bocker
|
|
|
Batting: RHB Brian DeVoe
|
0-0: Ball Wild Pitch! Manny Berrones to second 1-0: Foul Ball, location: 2F 1-1: Swinging Strike 1-2: SINGLE (Line Drive, 7S, EV 103.1 MPH) Manny Berrones to third
|
|
Batting: SHB Yutaro Takahashi
|
0-0: Ball 1-0: Swinging Strike 1-1: Called Strike 1-2: Fly out, F8 (Flyball, 8RS, EV 90.0 MPH) Lined into DP, 8-3 (Flyball, 8RS, EV 90.0 MPH)
|
|
Batting: RHB Paul Van Gilder
|
0-0: Ball 1-0: Ball 2-0: Swinging Strike 2-1: Fly out, F4 (Line Drive, 4, EV 66.2 MPH)
|
| Bottom of the 4th over - 0 runs, 1 hit, 0 errors, 1 left on base; Batavia 0 - Tri-City 3 |
| TOP OF THE 5TH |
|
Batavia Muckdogs batting - Pitching for Tri-City Dust Devils : RHP Eric Johnson
|
|
Batting: RHB Chris Alft
|
0-0: Ball 1-0: Ball 2-0: Called Strike 2-1: Swinging Strike 2-2: Ball 3-2: Strikes out swinging
|
|
Batting: SHB Justin Corbett
|
0-0: Ball 1-0: Ball 2-0: Ball 3-0: Base on Balls
|
|
Batting: RHB Axel Moltke
|
0-0: Called Strike 0-1: Ball 1-1: Fly out, F8 (Flyball, 8LD, EV 102.5 MPH)
|
|
Batting: RHB Justin Dunham
|
0-0: Called Strike 0-1: Ball 1-1: Ball 2-1: Ball 3-1: Foul Ball, location: 2F 3-2: Ground out 6-3 (Groundball, 6, EV 87.5 MPH)
|
| Top of the 5th over - 0 runs, 0 hits, 0 errors, 1 left on base; Batavia 0 - Tri-City 3 |
| BOTTOM OF THE 5TH |
|
Tri-City Dust Devils batting - Pitching for Batavia Muckdogs : RHP Adrian Bocker
|
|
Batting: RHB Alfredo Lemus
|
0-0: Ball 1-0: Ball 2-0: Ball 3-0: Called Strike 3-1: Base on Balls
|
|
Batting: RHB Eduardo Calderon
|
0-0: Ball Alfredo Lemus steals 2nd base 1-0: Called Strike Alfredo Lemus is caught stealing 3rd base 2-5 1-1: Ball 2-1: Ball 3-1: Foul Ball, location: 2F 3-2: Foul Ball, location: 2F 3-2: Foul Ball, location: 2F 3-2: Base on Balls
|
|
Batting: LHB Ramon Vega
|
0-0: Ball 1-0: Called Strike 1-1: Ball 2-1: Ball 3-1: Swinging Strike 3-2: Fielders Choice at 2nd, 5-4 (Groundball, 56S, EV 84.4 MPH)
|
|
Batting: LHB Phil Lerner
|
0-0: Called Strike 0-1: Called Strike 0-2: Ball 1-2: Foul Ball, location: 2F 1-2: Ball 2-2: Ground out U3 (Groundball, 3, EV 83.1 MPH)
|
| Bottom of the 5th over - 0 runs, 0 hits, 0 errors, 1 left on base; Batavia 0 - Tri-City 3 |
| TOP OF THE 6TH |
|
Batavia Muckdogs batting - Pitching for Tri-City Dust Devils : RHP Eric Johnson
|
|
Batting: LHB Orlando Rivera
|
0-0: Ball 1-0: Ground out 4-3 (Groundball, 4, EV 97.5 MPH)
|
|
Batting: RHB Manuel Taveras
|
0-0: Ball 1-0: Ball 2-0: Called Strike 2-1: Foul Ball, location: 2F 2-2: Ball 3-2: Ground out 5-3 (Groundball, 56S, EV 71.2 MPH)
|
|
Batting: RHB Orlando Landa
|
0-0: Ball 1-0: SINGLE (Groundball, 4D, EV 105.0 MPH)
|
|
Batting: SHB Matt Moore
|
Balk! Orlando Landa to second 0-0: Foul Ball, location: 2F 0-1: Ball 1-1: Called Strike 1-2: Ball 2-2: Foul Ball, location: 2F 2-2: Strikes out swinging
|
| Top of the 6th over - 0 runs, 1 hit, 0 errors, 1 left on base; Batavia 0 - Tri-City 3 |
| BOTTOM OF THE 6TH |
|
Tri-City Dust Devils batting - Pitching for Batavia Muckdogs : RHP Adrian Bocker
|
|
Batting: RHB Hector Fernandez
|
0-0: Ball 1-0: Ground out 6-3 (Groundball, 6, EV 88.1 MPH)
|
|
Batting: SHB Manny Berrones
|
0-0: Foul Ball, location: 2F 0-1: Called Strike 0-2: Ground out U3 (Groundball, 34S, EV 74.4 MPH)
|
|
Batting: RHB Brian DeVoe
|
0-0: Swinging Strike 0-1: Swinging Strike 0-2: Single, Error in OF, E7, batter to second base (Line Drive, 7LS, EV 100.6 MPH)
|
|
Batting: SHB Yutaro Takahashi
|
0-0: Ball 1-0: Ball 2-0: Ball Wild Pitch! Brian DeVoe to third 3-0: Base on Balls
|
|
Batting: RHB Paul Van Gilder
|
0-0: Foul Ball, location: 2F 0-1: Ball 1-1: Foul Ball, location: 2F 1-2: SINGLE (Line Drive, 9S, EV 87.5 MPH) Brian DeVoe scores Yutaro Takahashi to second Runner from 2nd tries for 3rd, SAFE, no throw by RF
|
|
Batting: RHB Alfredo Lemus
|
0-0: SINGLE (Groundball, 6MD, EV 104.4 MPH) Yutaro Takahashi scores Paul Van Gilder to second
|
|
Batting: RHB Eduardo Calderon
|
0-0: Ball 1-0: 3-RUN HOME RUN (Flyball, 9LD, EV 91.2 MPH), Distance : 337 ft
|
|
Batting: LHB Ramon Vega
|
0-0: Ball 1-0: Swinging Strike 1-1: Foul Ball, location: 2F 1-2: Ball 2-2: Ball 3-2: Base on Balls
|
|
Pitching: RHP Nate Crofts
|
|
|
Batting: LHB Phil Lerner
|
0-0: Ball Ramon Vega steals 2nd base (no throw) 1-0: Called Strike 1-1: Ball 2-1: Ball 3-1: Base on Balls
|
|
Batting: RHB Hector Fernandez
|
0-0: Fielders Choice at 2nd, 6-4 (Groundball, 6, EV 105.6 MPH)
|
| Bottom of the 6th over - 5 runs, 4 hits, 1 error, 2 left on base; Batavia 0 - Tri-City 8 |
| TOP OF THE 7TH |
|
Batavia Muckdogs batting - Pitching for Tri-City Dust Devils : RHP Eric Johnson
|
|
Batting: LHB Matt McKeon
|
0-0: Ball 1-0: Foul Ball, location: 2F 1-1: Swinging Strike 1-2: Ball 2-2: Foul Ball, location: 2F 2-2: Strikes out swinging
|
|
Batting: RHB Chris Alft
|
0-0: Foul Ball, location: 2F 0-1: Called Strike 0-2: Foul Ball, location: 2F 0-2: Strikes out swinging
|
|
Batting: SHB Justin Corbett
|
0-0: Ball 1-0: Ground out 1-3 (Groundball, 15S, EV 68.1 MPH)
|
| Top of the 7th over - 0 runs, 0 hits, 0 errors, 0 left on base; Batavia 0 - Tri-City 8 |
| BOTTOM OF THE 7TH |
|
Tri-City Dust Devils batting - Pitching for Batavia Muckdogs : RHP Nate Crofts
|
|
Batting: SHB Manny Berrones
|
0-0: Ball 1-0: Fly out, F9 (Flyball, 89M, EV 74.4 MPH)
|
|
Batting: RHB Brian DeVoe
|
0-0: Foul Ball, location: 2F 0-1: Ball 1-1: Fly out, F9 (Flyball, 89M, EV 88.8 MPH)
|
|
Batting: SHB Yutaro Takahashi
|
0-0: Foul Ball, location: 2F 0-1: Called Strike 0-2: Foul Ball, location: 2F 0-2: Ball 1-2: Ground out 4-3 (Groundball, 34D, EV 100.0 MPH)
|
| Bottom of the 7th over - 0 runs, 0 hits, 0 errors, 0 left on base; Batavia 0 - Tri-City 8 |
| TOP OF THE 8TH |
|
Batavia Muckdogs batting - Pitching for Tri-City Dust Devils : RHP Eric Johnson
|
|
Batting: RHB Axel Moltke
|
0-0: Ball 1-0: Foul Ball, location: 2F 1-1: Ball 2-1: Foul Ball, location: 2F 2-2: Ground out 6-3 (Groundball, 6, EV 88.8 MPH)
|
|
Batting: RHB Justin Dunham
|
0-0: Swinging Strike 0-1: Ball 1-1: Ground out 5-3 (Groundball, 56S, EV 66.2 MPH)
|
|
Batting: LHB Orlando Rivera
|
0-0: Ball 1-0: Foul Ball, location: 2F 1-1: Foul Ball, location: 2F 1-2: Ball 2-2: Strikes out swinging
|
| Top of the 8th over - 0 runs, 0 hits, 0 errors, 0 left on base; Batavia 0 - Tri-City 8 |
| BOTTOM OF THE 8TH |
|
Tri-City Dust Devils batting - Pitching for Batavia Muckdogs : RHP Nate Crofts
|
|
Batting: RHB Paul Van Gilder
|
0-0: Ball 1-0: Foul Ball, location: 2F 1-1: Ball 2-1: Ball 3-1: Called Strike 3-2: Foul Ball, location: 2F 3-2: Ground out 6-3 (Groundball, 6, EV 91.2 MPH)
|
|
Batting: RHB Alfredo Lemus
|
0-0: Called Strike 0-1: Swinging Strike 0-2: Ground out 4-3 (Groundball, 4, EV 76.9 MPH)
|
|
Batting: RHB Eduardo Calderon
|
0-0: Foul Ball, location: 2F 0-1: Ball 1-1: Ball 2-1: Ball 3-1: Base on Balls
|
|
Batting: LHB Ramon Vega
|
0-0: Ball 1-0: Ball 2-0: Swinging Strike 2-1: Ball 3-1: SINGLE (Groundball, 25, EV 73.1 MPH) (infield hit) Eduardo Calderon to second
|
|
Batting: LHB Phil Lerner
|
0-0: Ball 1-0: Ball Wild Pitch! Eduardo Calderon to third Ramon Vega to second 2-0: Ground out 4-3 (Groundball, 4, EV 86.2 MPH)
|
| Bottom of the 8th over - 0 runs, 1 hit, 0 errors, 2 left on base; Batavia 0 - Tri-City 8 |
| TOP OF THE 9TH |
|
Batavia Muckdogs batting - Pitching for Tri-City Dust Devils : RHP Eric Johnson
|
|
Batting: RHB Manuel Taveras
|
0-0: Ball 1-0: Swinging Strike 1-1: Foul Ball, location: 2F 1-2: Strikes out swinging
|
|
Batting: RHB Orlando Landa
|
0-0: DOUBLE (Groundball, 5L, EV 107.5 MPH)
|
|
Pitching: RHP Jay Cowgill
|
|
|
Batting: SHB Matt Moore
|
0-0: Ball 1-0: Called Strike 1-1: Foul Ball, location: 2F 1-2: Foul Ball, location: 2F 1-2: Ball 2-2: Hit by Pitch
|
|
Batting: LHB Matt McKeon
|
0-0: Foul Ball, location: 2F 0-1: Ball 1-1: Ball 2-1: Swinging Strike 2-2: Strikes out looking
|
|
Pinch Hitting: RHB Chris Riddick
|
0-0: Ball 1-0: Called Strike 1-1: Foul Ball, location: 2F 1-2: Strikes out swinging
|
| Top of the 9th over - 0 runs, 1 hit, 0 errors, 2 left on base; Batavia 0 - Tri-City 8 |
|